Map: Frost LE

Players

Elazer

  • Race: Zerg Zerg
  • League: Grandmaster

PtitDrogo - Winner!

  • Race: Protoss Protoss
  • League: Grandmaster

Event: The PiG Daily 35

VOD

https://www.youtube.com/watch?v=FsC43sBAof0

Description

Time

  • Played on: July 6, 2016, 4:03 p.m.
  • Length: 9:25

All games in this series

Show
View Real Time Build Order
Export as new Build Order

Elazer Zerg 

Build Orders: Hatch First, Lurkers 

Get SALT Encoding   

  12  0:00  Drone  
  13  0:12  Overlord  
  13  0:18  Drone  
  14  0:31  Drone x2  
  14  0:34  Drone  
  17  0:52  Hatchery  
  17  0:54  Drone  
  17  0:57  Drone  
  18  1:08  Extractor  
  17  1:12  Spawning Pool  
  17  1:16  Drone  
  17  1:22  Drone  
  18  1:28  Drone  
  19  1:38  Overlord  
  19  1:54  Drone  
  19  2:00  Drone, Queen  
  23  2:04  Queen, Zergling x2  
  23  2:07  Metabolic Boost  
  26  2:12  Drone  
  26  2:15  Drone  
  28  2:26  Drone x2  
  30  2:36  Hatchery  
  29  2:45  Queen  
  29  2:46  Zergling x4  
  33  2:52  Drone x2  
  33  2:55  Overlord  
  35  2:59  Drone  
  36  3:12  Overlord  
  36  3:14  Drone x3  
  36  3:16  Drone x4  
  43  3:25  Drone  
  44  3:30  Drone, Queen  
  44  3:32  Drone  
  48  3:34  Spore Crawler  
  47  3:42  Extractor, Roach Warren  
  47  3:43  Drone  
  47  3:44  Drone x2  
  47  3:47  Drone x2  
  49  3:51  Overlord  
  49  3:53  Drone  
  49  3:55  Drone  
  51  3:56  Drone  
  52  4:04  Overlord  
  52  4:06  Lair  
  52  4:13  Drone x2  
  52  4:15  Drone  
  55  4:22  Roach x3  
  55  4:23  Roach  
  63  4:29  Roach  
  65  4:32  Zergling x6  
  65  4:36  Roach  
  69  4:45  Roach x2  
  72  4:49  Overlord  
  72  4:51  Drone x2  
  73  4:54  Extractor  
  73  4:55  Drone  
  73  4:57  Drone  
  73  4:59  Drone x3  
  74  5:00  Overlord  
  74  5:04  Glial Reconstitution  
  74  5:11  Extractor  
  74  5:12  Drone  
  74  5:13  Drone x5  
  79  5:20  Roach x4  
  86  5:25  Overseer  
  86  5:26  Overlord  
  86  5:27  Drone x4  
  90  5:36  Overlord  
  90  5:42  Extractor  
  89  5:43  Extractor, Overlord  
  88  5:50  Overlord, Burrow  
  88  5:52  Drone x3  
  88  5:56  Hatchery, Drone  
  91  5:57  Hydralisk Den  
  91  5:58  Drone x3  
  91  6:03  Roach  
  91  6:04  Roach x2  
  99  6:07  Overlord  
  99  6:24  Roach x10  
  111  6:27  Lurker Den  
  111  6:30  Drone x3  
  111  6:32  Drone  
  115  6:41  Overlord  
  115  6:42  Roach x3  
  115  6:45  Drone  
  115  6:46  Evolution Chamber  
  121  6:54  Overlord x2  
  121  6:56  Ravager x5  
  126  7:08  Roach x9  
  144  7:09  Overseer  
  144  7:19  Overlord  
  144  7:20  Zerg Missile Weapons Level 1  
  144  7:21  Queen  
  144  7:22  Drone x2  
  148  7:23  Drone x3  
  151  7:32  Hydralisk x4  
  155  7:50  Hydralisk x3, Overlord  
  161  7:55  Muscular Augments  
  161  8:02  Extractor  
  161  8:04  Extractor  
  156  8:10  Hydralisk  
  156  8:11  Hydralisk x3, Roach  
  156  8:12  Roach x2  
  165  8:14  Overlord x2  
  165  8:17  Lurker  
  160  8:20  Lurker  
  160  8:22  Hatchery  
  160  8:26  Lurker  
  152  8:27  Roach x3, Zergling x2  
  152  8:28  Zergling x18  
  162  8:36  Lurker  
  160  8:42  Overlord  
  157  8:48  Overlord x2  
  157  8:50  Overlord x2  
  148  8:58  Drone x14  
  120  9:05  Roach  
Show
View Real Time Build Order
Export as new Build Order

PtitDrogo Protoss - Winner!

Build Orders: 1 Gate Expand 

Get SALT Encoding   

  12  0:01  Probe (Chrono Boost)  
  13  0:11  Probe (Chrono Boost)  
  14  0:17  Pylon  
  14  0:22  Probe (Chrono Boost)  
  16  0:35  Probe (Chrono Boost)  
  16  0:38  Gateway  
  16  0:46  Probe (Chrono Boost)  
  16  0:48  Assimilator  
  17  0:56  Probe (Chrono Boost)  
  18  1:07  Probe (Chrono Boost)  
  19  1:20  Nexus  
  19  1:23  Probe (Chrono Boost)  
  20  1:33  Cybernetics Core  
  20  1:36  Probe (Chrono Boost)  
  21  1:41  Assimilator  
  21  1:47  Probe (Chrono Boost)  
  22  1:52  Pylon  
  22  1:57  Probe (Chrono Boost)  
  23  2:09  Warp Gate  
  23  2:10  Probe (Chrono Boost)  
  23  2:12  Stalker (Chrono Boost)  
  26  2:22  Probe  
  27  2:30  Twilight Council  
  27  2:31  Probe  
  27  2:34  Probe  
  29  2:40  Adept (Chrono Boost)  
  29  2:42  Probe  
  32  2:46  Probe  
  33  2:52  Probe  
  35  2:58  Probe  
  35  2:59  Resonating Glaives (Chrono Boost)  
  35  3:03  Probe  
  36  3:10  Probe  
  37  3:12  Gateway  
  37  3:13  Probe, Gateway  
  37  3:16  Adept (Chrono Boost)  
  40  3:22  Probe  
  40  3:25  Probe  
  42  3:27  Pylon  
  42  3:35  Mothership Core  
  42  3:37  Probe  
  45  3:45  Adept (Chrono Boost)  
  47  3:49  Probe  
  47  3:55  Pylon  
  48  3:56  Probe  
  48  4:01  Probe  
  48  4:02  Nexus  
  50  4:11  Probe (Chrono Boost)  
  50  4:13  Probe (Chrono Boost)  
  50  4:15  Adept x2  
  50  4:16  Adept  
  58  4:21  Pylon  
  58  4:23  Probe (Chrono Boost)  
  58  4:24  Pylon  
  59  4:25  Probe (Chrono Boost)  
  60  4:33  Probe (Chrono Boost)  
  60  4:35  Probe (Chrono Boost)  
  60  4:38  Assimilator  
  61  4:40  Assimilator  
  61  4:44  Probe (Chrono Boost)  
  62  4:46  Probe (Chrono Boost)  
  63  4:54  Probe (Chrono Boost)  
  63  4:56  Probe (Chrono Boost), Robotics Facility  
  65  5:03  Twilight Council, Forge  
  65  5:05  Probe (Chrono Boost)  
  67  5:07  Probe (Chrono Boost)  
  67  5:14  Probe (Chrono Boost)  
  67  5:15  Sentry x3  
  67  5:16  Probe (Chrono Boost)  
  67  5:17  Probe (Chrono Boost)  
  76  5:22  Gateway x2  
  76  5:25  Probe (Chrono Boost)  
  76  5:26  Probe (Chrono Boost)  
  76  5:27  Pylon  
  76  5:28  Probe (Chrono Boost), Blink (Chrono Boost), Protoss Ground Weapons Level 1  
  79  5:29  Pylon  
  79  5:39  Probe (Chrono Boost)  
  80  5:43  Probe (Chrono Boost)  
  80  5:46  Probe  
  80  5:48  Observer (Chrono Boost)  
  83  5:50  Probe, Pylon  
  83  5:52  Stalker  
  83  5:53  Stalker, Assimilator  
  83  5:55  Probe  
  89  5:57  Assimilator  
  89  6:00  Probe  
  89  6:02  Probe  
  91  6:05  Pylon  
  91  6:08  Immortal (Chrono Boost)  
  91  6:09  Probe  
  95  6:12  Probe  
  95  6:20  Probe  
  95  6:22  Probe  
  95  6:24  Probe  
  95  6:32  Probe  
  95  6:34  Probe, Gateway  
  95  6:35  Gateway  
  95  6:36  Probe, Gateway  
  98  6:42  Sentry x2, Pylon  
  98  6:44  Immortal (Chrono Boost)  
  98  6:46  Photon Cannon  
  108  6:50  Stalker  
  108  6:51  Stalker x2  
  115  6:58  Gateway  
  112  7:02  Pylon  
  112  7:03  Photon Cannon  
  112  7:04  Phoenix  
  112  7:08  Zealot  
  112  7:13  Pylon  
  114  7:17  Warp Prism (Chrono Boost)  
  114  7:22  Stalker x4  
  122  7:27  Robotics Bay  
  122  7:33  Stalker  
  122  7:36  Pylon  
  124  7:47  Stalker x2  
  124  7:48  Stalker x5  
  137  7:56  Robotics Facility  
  137  7:57  Photon Cannon  
  137  7:59  Pylon  
  137  8:01  Immortal (Chrono Boost)  
  141  8:28  Stalker x8  
  157  8:34  Disruptor (Chrono Boost)  
  160  8:47  Disruptor (Chrono Boost)  
  145  9:06  Stalker x9  
Tags
 
Add a new tag
Caveats
  • Supply blocks, unpowered buildings, or Contaminate may cause inaccurate times.
  • Supply counts are checked every 10 seconds.